 Dungeon Crawl Stone Soup version 0.22.1-2-g9c5b331 (webtiles) character file.

43 SilentRunner the Conjurer (level 3, 0/19 HPs)
             Began as a Deep Elf Conjurer on Dec 22, 2018.
             Slain by an adder (3 damage)
             ... on level 2 of the Dungeon.
             The game lasted 00:07:14 (842 turns).

SilentRunner the Conjurer (Deep Elf Conjurer)        Turns: 842, Time: 00:07:14

Health: 0/19       AC:  3    Str:  5    XL:     3   Next: 37%
Magic:  6/9        EV: 13    Int: 20    God:
Gold:   16         SH:  0    Dex: 15    Spells: 7/8 levels left

rFire    + . .     SeeInvis .   (no weapon)
rCold    . . .     Gourm    .   (no shield)
rNeg     . . .     Faith    .   g - +0 robe
rPois    .         Spirit   .   m - +0 helmet
rElec    .         Reflect  .   (no cloak)
rCorr    .         Harm     .   (no gloves)
MR       .....                  (no boots)
Stlth    ++........             (no amulet)
HPRegen  0.06/turn              j - ring of protection from fire
MPRegen  0.11/turn              (no ring)

@: very slightly contaminated
A: no striking features
a: no special abilities


You were on level 2 of the Dungeon.
You were not hungry.

You visited 1 branch of the dungeon, and saw 2 of its levels.

You collected 16 gold pieces.

Inventory:

Missiles
 f - 15 bolts
Armour
 a - a +0 robe
 g - a +0 robe (worn)
 m - a +0 helmet (worn)
Jewellery
 j - a ring of protection from fire (left hand)
Scrolls
 b - 2 scrolls of remove curse
Potions
 d - a potion of brilliance {unknown}
 e - a potion of heal wounds {unknown}
 h - a potion of berserk rage
Comestibles
 c - 2 rations
 i - 7 chunks of flesh


   Skills:
 + Level 0.1 Fighting
 + Level 2.5 Dodging
 + Level 2.7 Stealth
 + Level 3.4 Spellcasting
 + Level 5.3 Conjurations


You had 7 spell levels left.
You knew the following spells:

 Your Spells              Type           Power        Failure   Level  Hunger
a - Magic Dart            Conj           ###.         1%          1    None

Your spell library contained the following spells:

 Spells                   Type           Power        Failure   Level  Hunger
 Searing Ray              Conj           ###...       2%          2    ##.....
 Dazzling Spray           Conj/Hex       ##....       14%         3    ###....
 Iskenderun's Mystic Bla  Conj           ###.....     16%         4    ####...
 Force Lance              Conj/Tloc      ##......     41%         4    ####...
 Fulminant Prism          Conj/Hex       ##........   41%         4    ####...


Dungeon Overview and Level Annotations

Branches:
Dungeon (2/15)

Altars:
Cheibriados


Message History

The jackal bites you.
* * * LOW HITPOINT WARNING * * *
Unknown command.
Blink to where?
Press: ? - help, Dir - move target cursor, p - hound You are very lightly contaminated with residual magic.
As you read the scroll labeled IBUTAU UCAE, it crumbles to dust.
It was a scroll of blinking.
A quokka comes into view.
Some of the chunks of flesh in your inventory have rotted away.
An adder comes into view.
The adder hisses angrily.
The hound misses you.
A dart slug comes into view.
The adder misses you.
Found a snail-covered altar of Cheibriados.
As you read the scroll labeled PUOCUD ZEURAO, it crumbles to dust.
You feel blessed for a moment.
It was a scroll of remove curse.
The adder bites you.
You die...

******** *,* *,* *,***
,,,,,,,******,******,* *,*
**,,,,,,,,,,,,,,,,,,,* *,***
**,***,******,******** *,,,, **,*
*,* *,* ****, ,,,* *,* *,* *,
**** *,* ###*,* ##### *, *
#.#*#....######...# *,
#..,.._.w..@Shh.#.# *,
#..*.....######r..# *,
***###..*###,.# ##.## *,
,,,,....##.##.### #.# *,
,,,,,,..#...#.#.## #.# *,
******##.....§..)####.# *,
##....§§§§h.....r#*********,
######....†§§h§g...........r.,,,,
...%.h....§§§§§...###########****


You could see a hound, an adder, a dart slug (wandering), a quokka and a jackal.

Vanquished Creatures
  A gnoll (D:1)
  A dart slug (D:1)
  2 leopard geckos (D:1)
  A giant cockroach (D:1)
  4 hobgoblins (D:1)
  4 jackals (D:1)
  4 kobolds (D:1)
  5 bats
  A frilled lizard (D:1)
  2 goblins (D:1)
  3 rats (D:1)
28 creatures vanquished.

Notes
Turn   | Place    | Note
-------+----------+-------------------------------------------
     0 | D:1      | SilentRunner the Deep Elf Conjurer began the quest for the
                  | Orb.
     0 | D:1      | Reached XP level 1. HP: 10/10 MP: 6/6
     2 | D:1      | Noticed a troll
     2 | D:1      | Noticed an ogre
     4 | D:1      | Noticed a centaur
     6 | D:1      | Noticed a formicid
     6 | D:1      | Noticed a human
    12 | D:1      | Noticed a merfolk
    12 | D:1      | Noticed a dwarf
    14 | D:1      | Noticed a halfling
    14 | D:1      | Noticed an elf
    18 | D:1      | Noticed a felid
    18 | D:1      | Noticed a naga
    20 | D:1      | Noticed a vine stalker
    20 | D:1      | Noticed a minotaur
    22 | D:1      | Noticed a demonspawn
    22 | D:1      | Noticed a gargoyle
    24 | D:1      | Noticed a tengu
    24 | D:1      | Noticed a ghoul
    26 | D:1      | Noticed an octopode
    26 | D:1      | Noticed a draconian
    28 | D:1      | Noticed a demigod
    30 | D:1      | Noticed a vampire
    32 | D:1      | Noticed a spriggan
   146 | D:1      | Reached XP level 2. HP: 15/15 MP: 4/8
   254 | D:1      | Reached skill level 5 in Conjurations
   541 | D:1      | Reached XP level 3. HP: 19/19 MP: 5/9
   839 | D:2      | Found a snail-covered altar of Cheibriados.
   842 | D:2      | Slain by an adder

Skill      XL: |  1  2 |
---------------+-------+-----
Conjurations   | 5 |  5.3
Fighting       | |  0.1
Dodging        | |  2.5
Stealth        | |  2.7
Spellcasting   | |  3.4

Action                   || total
-------------------------++-------
Melee: Unarmed           ||     3
 Cast: Magic Dart        ||    61
  Use: Potion            ||     1
       Scroll            ||     4
Armor: Robe              ||     5
Dodge: Dodged            ||    28
